Cogmind - Beta 13 @@@ ROGUE MODE // 2024.04.04 @ 19:09:07 Player: _An Result: Destroyed by X-62 Marksman with Pulse Rifle Performance ------------- Evolutions (2) 1000 Regions Visited (5) 1000 Robots Destroyed (33) 165 Value Destroyed (1156) 1156 Prototype IDs (1) 20 Alien Tech Used (0) 0 Bonus (300) 300 TOTAL SCORE: 3641 Bonus ------- Aligned with FarCom 300 Cogmind --------- Core Integrity 0/550 Matter 264/300 Energy 65/100 System Corruption 0% Temperature Cool (18) Movement Core (50) Location -8/Materials Parts ------- > --- POWER (1) -------- (None) > --- PROPULSION (4) --- (None) > --- UTILITY (4) ------ (None) > --- WEAPON (2) ------- (None) > --- INVENTORY (5) ---- Light Ion Engine Small Storage Unit Peak State ------------ > --- POWER ------------ Makeshift Power Source > --- PROPULSION ------- Light Treads Improved Treads Advanced Treads > --- UTILITY ---------- Improved Heat Sink Small Storage Unit Insulated Plating Insulated Plating > --- WEAPON ----------- Lightning Gun Lightning Gun > --- INVENTORY -------- Light Ion Engine Insulated Plating Insulated Plating Insulated Plating Lightning Gun Lightning Gun Signal Generator [Rating: 30] Favorites ----------- Power Light Angular Momentum Engine Engine Light Angular Momentum Engine Propulsion Light Treads Treads Light Treads Leg Carbon-fiber Leg Flight Unit Flight Unit Utility Small Storage Unit Device Improved Heat Sink Storage Small Storage Unit Processor Salvage Targeting Computer Protection Insulated Plating Weapon Lightning Gun Energy Gun Lightning Gun Energy Cannon Ion Cannon Ballistic Gun Heavy Assault Rifle Impact Weapon Mace Slashing Weapon Scythe Build | -11 -10 -10 -10 -9 -8 ------- Run | Yrd Mat Min Exi Min Mat Slots Evolved 4 | . . . . . 4 Power . | . . . . . . Propulsion 2 | . . . . . 2 Utility 2 | . . . . . 2 Weapon . | . . . . . . Parts Attached 56 | 7 10 13 . . 26 Power 6 | 1 . 3 . . 2 Engine 6 | 1 . 3 . . 2 Core . | . . . . . . Reactor . | . . . . . . Propulsion 21 | 3 6 7 . . 5 Treads 12 | 2 2 3 . . 5 Leg 3 | 1 . 2 . . . Wheel . | . . . . . . Hover . | . . . . . . Flight 6 | . 4 2 . . . Utility 14 | 1 1 . . . 12 Device 1 | . . . . . 1 Storage 1 | 1 . . . . . Processor 1 | . 1 . . . . Hackware . | . . . . . . Protection 11 | . . . . . 11 Artifact . | . . . . . . Weapon 15 | 2 3 3 . . 7 Energy Gun 5 | . . . . . 5 Energy Cannon 1 | . . . . . 1 Ballistic Gun 6 | 2 1 3 . . . Ballistic Cannon . | . . . . . . Launcher . | . . . . . . Special Weapon . | . . . . . . Impact Weapon 2 | . 2 . . . . Slashing Weapon 1 | . . . . . 1 Piercing Weapon . | . . . . . . Special Melee Weapon . | . . . . . . Unidentified Prototypes 1 | . . . 1 . . Parts Lost 30 | . 2 7 . . 21 Power 5 | . 1 1 . . 3 Propulsion 12 | . . 5 . . 7 Utility 6 | . . . . . 6 Weapon 7 | . 1 1 . . 5 Highest Loss Streak 9 | . 1 2 . . 9 To Critical Strikes . | . . . . . . Average Slot Usage (%) 80 | . 78 92 92 85 73 Engine 9 | . 10 10 14 14 7 Treads 12 | . 23 5 . . 17 Leg 8 | . . 18 28 28 1 Flight 1 | . 4 2 . . . Device 2 | . . . . . 5 Storage 11 | . 14 14 14 14 9 Processor 4 | . 4 14 7 . . Protection 9 | . . . . . 17 Energy Gun 5 | . . . . . 11 Ballistic Gun 11 | . 19 22 28 28 . Slashing Weapon 1 | . . . . . 2 Naked Turns 1 | . . . . . 1 Heaviest Build 30 | 12 12 20 18 18 30 Greatest Support 65 | 40 40 40 30 30 65 Greatest Overweight (x) 3 | . . 1 . . 3 Average Overweight (x) . | . . . . . . Largest Inventory Capacity 8 | 8 8 8 8 8 8 Average Capacity 7 | 6 8 8 8 8 7 Most Carried 8 | 3 8 8 8 8 8 Average Carried 6 | 1 4 7 8 8 6 Final Capacity 8 | 8 8 8 8 8 5 Final Carried 8 | 3 6 8 8 8 2 Class Distribution -------------------- 65% | Mutant 34% | Scavenger-Mutant Dominant Class ---------------- Mutant | -10/Materials Scavenger-Mutant | -10/Mines Scavenger-Mutant | -10/Exiles Scavenger-Mutant | -9/Mines Mutant | -8/Materials Resources | -11 -10 -10 -10 -9 -8 ----------- Run | Yrd Mat Min Exi Min Mat Matter Collected 1038 | 244 239 252 . 18 285 Remotely . | . . . . . . Salvage Created 1596 | . 235 196 . 50 1115 Parts 59 | . 11 4 . 3 41 Haulers Intercepted 1 | . . . . . 1 Recyclers Shooed . | . . . . . . Parts Field Recycled . | . . . . . . Retrieved Matter . | . . . . . . Parts Self-Destructed . | . . . . . . Prevented . | . . . . . . Kills | -11 -10 -10 -10 -9 -8 ------- Run | Yrd Mat Min Exi Min Mat Combat Hostiles Destroyed 37 | . 7 9 . 1 20 Melee 12 | . 1 1 . . 10 Guns 20 | . 5 8 . 1 6 Cannons 1 | . . . . . 1 AOE 1 | . . . . . 1 Classes Destroyed 10 | . 3 2 . 1 4 Builder 1 | . . . . . 1 Hauler 1 | . . . . . 1 Operator 2 | . 1 . . . 1 Swarmer 6 | . 3 . . . 3 Grunt 15 | . 4 . . . 11 Brawler 1 | . . . . 1 . Duelist 2 | . . . . . 2 Sentry 4 | . . 1 . . 3 Hunter 1 | . . . . . 1 Assembled 8 | . . 8 . . . Best Kill Streak 3 | . 3 2 . 1 3 Combat Bots Only 3 | . 3 2 . 1 3 Max Kills in Single Turn 1 | . 1 1 . 1 1 Gunslinging . | . . . . . . Exploded 1 | . . . . . 1 Melee 1 | . 1 1 . . 1 Uniques/NPCs Destroyed . | . . . . . . Combat | -11 -10 -10 -10 -9 -8 -------- Run | Yrd Mat Min Exi Min Mat Hostile Shots Fired 324 | . 50 33 . . 241 Missed 98 | . 16 10 . . 72 Damage Taken 3777 | . 423 707 . . 2647 Core 728 | . 58 119 . . 551 Absorbed by Shields . | . . . . . . Core Remaining (%) 64 | 100 . . . 29 . Volleys Fired 109 | . 27 26 . 2 54 Largest 2 | . 2 2 . 2 2 Hottest 125 | . 40 46 . 43 125 Shots Fired 178 | . 43 51 . 4 80 Gun 155 | . 43 51 . 4 57 Cannon 23 | . . . . . 23 Launcher . | . . . . . . Special . | . . . . . . Kinetic 98 | . 43 51 . 4 . Thermal 42 | . . . . . 42 Explosive . | . . . . . . Electromagnetic 38 | . . . . . 38 Robot Hit Streak 8 | . 7 5 . 1 8 Robot Miss Streak 5 | . 4 4 . 3 5 Penetration Max . | . . . . . . Secondary Targets 2 | . 1 . . . 1 Max Gunslinging Chain 1 | . 1 . . . 1 Shots Hit Robots 145 | . 30 32 . 1 82 Core Hits 58 | . 11 17 . 1 29 Critical Kills . | . . . . . . Critical Parts Destroyed . | . . . . . . Critical Strikes 6 | . . . . . 6 Burn 1 | . . . . . 1 Sever 5 | . . . . . 5 Melee Attacks 50 | . 4 4 . . 42 Impact 8 | . 4 4 . . . Slashing 42 | . . . . . 42 Piercing . | . . . . . . Sneak Attacks 4 | . 1 . . . 3 Combat Hostiles . | . . . . . . Follow-up Attacks . | . . . . . . Damage Inflicted 3114 | . 506 499 . 16 2093 Guns 1427 | . 359 426 . 16 626 Cannons 390 | . . . . . 390 Explosions 80 | . . . . . 80 Melee 1216 | . 147 73 . . 996 Ramming 1 | . . . . . 1 Kinetic 801 | . 359 426 . 16 . Thermal 682 | . . . . . 682 Explosive . | . . . . . . Electromagnetic 414 | . . . . . 414 Impact 220 | . 147 73 . . . Slashing 996 | . . . . . 996 Piercing . | . . . . . . Highest Corruption . | . . . . . . Average Corruption . | . . . . . . Corruption Purged . | . . . . . . Corruption Blocked . | . . . . . . Overload Shots . | . . . . . . Overflow Damage 124 | . 50 . . . 74 Projectiles . | . . . . . . Explosions . | . . . . . . Melee 124 | . 50 . . . 74 Knockbacks . | . . . . . . Impact . | . . . . . . Kinetic . | . . . . . . Secondary . | . . . . . . Self-Inflicted Damage 41 | . . . . . 41 Shots 1 | . . . . . 1 Rammed 1 | . . . . . 1 Targets Rammed 1 | . . . . . 1 Kicked . | . . . . . . Crushed . | . . . . . . Highest Temperature 413 | . 20 26 . 6 413 Average Temperature 134 | . 7 10 . 4 152 Received Heat Transfer 1280 | . 177 59 . . 1044 Effects 6 | . . . . . 6 Energy Bleed 1 | . . . . . 1 Interference 2 | . . . . . 2 Matter Decay 2 | . . . . . 2 Short Circuit 1 | . . . . . 1 Siege Activations . | . . . . . . Robots Corrupted 1 | . . . . . 1 Combat Hostiles 1 | . . . . . 1 Parts Fried 4 | . 2 . . . 2 Impact Corruptions 5 | . 5 . . . . Robots Melted 1 | . . . . . 1 Combat Hostiles 1 | . . . . . 1 Parts Melted 5 | . . . . . 5 Heat Transferred 1321 | . . . . . 1321 Parts Sabotaged . | . . . . . . Parts Stolen . | . . . . . . Parts Stripped . | . . . . . . Power Chain Reactions 1 | . . . . . 1 Alert | -11 -10 -10 -10 -9 -8 ------- Run | Yrd Mat Min Exi Min Mat Peak Influence 245 | . 245 50 . 45 208 Initial 19 | . . 19 . . 17 Average 57 | . 85 9 . 14 78 Maximum Alert Level 1 | . 1 . . . 1 Low Security (%) 95 | 100 92 100 . 100 92 Level 1 4 | . 7 . . . 7 Level 2 . | . . . . . . Level 3 . | . . . . . . Level 4 . | . . . . . . Level 5 . | . . . . . . High Security . | . . . . . . Max Security . | . . . . . . Squads Dispatched 8 | . 3 . . . 5 Investigation . | . . . . . . Extermination . | . . . . . . Reinforcement 7 | . 3 . . . 4 Assault 1 | . . . . . 1 Garrison . | . . . . . . Intercept . | . . . . . . Searches Triggered . | . . . . . . Construction Impeded . | . . . . . . Haulers Reinforced . | . . . . . . Active Scanning Responses . | . . . . . . Cargo Convoy Interrupts . | . . . . . . Stealth | -11 -10 -10 -10 -9 -8 --------- Run | Yrd Mat Min Exi Min Mat Distress Signals 7 | . 2 . . . 5 Communications Jammed . | . . . . . . Distress Signals . | . . . . . . Times Spotted 85 | . 15 18 . 2 50 Peak Tracking Total 12 | . 4 2 . 2 12 Tactical Retreats 10 | . 2 2 . 1 5 Traps | -11 -10 -10 -10 -9 -8 ------- Run | Yrd Mat Min Exi Min Mat Traps Triggered 3 | . 2 . . . 1 Indirectly . | . . . . . . Trap Hack Attempts . | . . . . . . Triggered . | . . . . . . Disarmed . | . . . . . . Reprogrammed . | . . . . . . Reused . | . . . . . . Traps Extracted . | . . . . . . Installed . | . . . . . . Triggered . | . . . . . . Machines | -11 -10 -10 -10 -9 -8 ---------- Run | Yrd Mat Min Exi Min Mat Machines Disabled 2 | . . . . . 2 Max in Single Turn 1 | . . . . . 1 Machines Repaired . | . . . . . . Machines Dismantled . | . . . . . . Machines Sabotaged . | . . . . . . Overloaded Fab Kills . | . . . . . . Hacking | -11 -10 -10 -10 -9 -8 --------- Run | Yrd Mat Min Exi Min Mat Machines Accessed 10 | . 3 . 3 . 4 Terminals 7 | . 3 . . . 4 Fabricators . | . . . . . . Repair Stations . | . . . . . . Recycling Units . | . . . . . . Scanalyzers . | . . . . . . Garrison Access . | . . . . . . Total Hacks 45 | . 7 . 25 . 13 Successful 31 | . 3 . 25 . 3 Failed 14 | . 4 . . . 10 Catastrophic 4 | . 1 . . . 3 Database Lockouts . | . . . . . . Manual 19 | . 5 . 1 . 13 Terminals 20 | . 7 . . . 13 Fabricators . | . . . . . . Repair Stations . | . . . . . . Recycling Units . | . . . . . . Scanalyzers . | . . . . . . Garrison Access . | . . . . . . Terminal Hacks 27 | . 1 . 25 . 1 Record 26 | . 1 . 25 . . Unreport Threat 1 | . . . . . 1 Fabricator Hacks . | . . . . . . Repair Station Hacks . | . . . . . . Recycling Unit Hacks . | . . . . . . Scanalyzer . | . . . . . . Garrison Access Hacks . | . . . . . . Unauthorized Hacks 4 | . 2 . . . 2 Terminals 4 | . 2 . . . 2 Botnet 4 | . 2 . . . 2 Fabricators . | . . . . . . Repair Stations . | . . . . . . Recycling Units . | . . . . . . Scanalyzers . | . . . . . . Garrison Access . | . . . . . . Data Cores Recovered . | . . . . . . Used . | . . . . . . Hacking Detections 7 | . 3 . . . 4 Full Trace Events . | . . . . . . Feedback Events . | . . . . . . Feedback Blocked . | . . . . . . Robot Schematics Acquired . | . . . . . . Robots Built . | . . . . . . Authchips . | . . . . . . Time . | . . . . . . Total Robot Build Rating . | . . . . . . Part Schematics Acquired . | . . . . . . Parts Built . | . . . . . . Authchips . | . . . . . . Time . | . . . . . . Total Part Build Rating . | . . . . . . Parts Repaired . | . . . . . . Time . | . . . . . . Parts Recycled . | . . . . . . Recycled Matter . | . . . . . . Retrieved Matter . | . . . . . . Retrieved Components . | . . . . . . Parts Scanalyzed . | . . . . . . Part Schematics Acquired . | . . . . . . Parts Damaged . | . . . . . . Bothacking | -11 -10 -10 -10 -9 -8 ------------ Run | Yrd Mat Min Exi Min Mat Used RIF Installer . | . . . . . . Robots Hacked . | . . . . . . Non-combat . | . . . . . . Combat . | . . . . . . Robot Hacks Applied . | . . . . . . Relay Couplers Released . | . . . . . . Fabnet Peak Effective % . | . . . . . . Robots Rewired . | . . . . . . Allies Hacked . | . . . . . . Hacks Repelled . | . . . . . . Allies | -11 -10 -10 -10 -9 -8 -------- Run | Yrd Mat Min Exi Min Mat Total Allies 5 | . . 2 . 3 . Largest Group 3 | . . 2 . 3 . Highest-Rated Group 45 | . . 45 . 40 . Highest-Rated Ally 31 | . . 31 . 16 . Total Orders . | . . . . . . Ally Attacks 9 | . . 3 . 6 . Total Damage 82 | . . 41 . 41 . Kills . | . . . . . . Allies Corrupted . | . . . . . . Allies Melted . | . . . . . . Intel | -11 -10 -10 -10 -9 -8 ------- Run | Yrd Mat Min Exi Min Mat Robot Analysis Total . | . . . . . . Derelict Logs Recovered 1 | . . 1 . . . Drone Launches . | . . . . . . Drone Recoveries . | . . . . . . Exploration | -11 -10 -10 -10 -9 -8 ------------- Run | Yrd Mat Min Exi Min Mat Turns Passed 3657 | 93 414 786 307 186 1871 Spaces Moved 2128 | 55 296 631 256 134 756 Core 114 | 9 . . . . 105 Treads 866 | 40 155 83 . . 588 Legs 857 | 6 . 398 256 134 63 Wheels . | . . . . . . Hover . | . . . . . . Flight 291 | . 141 150 . . . Fastest Speed 37 | 50 37 37 120 120 50 Average Speed 123 | 137 101 105 120 120 146 Slowest Speed 240 | 160 160 190 120 120 240 Overloaded Moves . | . . . . . . Propulsion Burnouts . | . . . . . . Robots Hopped 2 | . 1 1 . . . Cave-ins Triggered . | . . . . . . Time Travels 1 | . . . 1 . . Exploration Rate (%) 52 | 5 66 91 64 37 52 Regions Visited 5 Branch Regions 3 Pre-discovered Areas . | . . . . . . Known Exits Taken . | . . . . . . Unknown Exits Taken 5 | 1 1 1 1 1 . Scrap Searched 5 | . . 3 . 2 . Spaces Dug 4 | . . . . . 4 Terrain Destroyed 14 | . . . . . 14 Melee 4 | . . . . . 4 Projectile 2 | . . . . . 2 AOE 8 | . . . . . 8 Terrain Rammed . | . . . . . . Walls Destroyed . | . . . . . . Machines Disabled . | . . . . . . Actions | -11 -10 -10 -10 -9 -8 --------- Run | Yrd Mat Min Exi Min Mat Total 2908 | 70 361 692 256 155 1374 Wait 515 | 5 9 9 . 20 472 Move 2119 | 54 293 628 255 133 756 Hop 2 | . 1 1 . . . Pick Up 25 | 3 9 5 . . 8 Fast Attach 26 | 6 1 8 . . 11 Attach 28 | 1 9 5 . . 13 Detach 16 | 1 5 4 1 . 5 Swap 2 | . . . . . 2 Drop 15 | . 3 2 . . 10 Fire 109 | . 27 26 . 2 54 Melee 50 | . 4 4 . . 42 Ram 1 | . . . . . 1 Kick . | . . . . . . Crush . | . . . . . . Escape Stasis . | . . . . . . Rewire . | . . . . . . Trap . | . . . . . . Miscellaneous . | . . . . . . Route ------- -11/Scrapyard -10/Materials (discovered 3 exits: [*Mat x2] / [*Min]) -10/Mines (discovered 3 exits: [*Mat x2] / *Exi) -10/Exiles -9/Mines -8/Materials (discovered 2 exits: *Fac x2) History --------- Turn | Location | Event 11 | -11/Scrapyard | Discovered new exit (range 16) 94 | -11/Scrapyard | Entered Materials 300 | -10/Materials | Discovered new exit (range 13) 304 | -10/Materials | Build established: Mutant 368 | -10/Materials | Discovered new exit (range 13) 491 | -10/Materials | Discovered new exit (range 8) 508 | -10/Materials | Entered Mines 519 | -10/Mines | Discovered new exit (range 7) 527 | -10/Mines | Assembled infested the area 552 | -10/Mines | Met a Derelict testing a Signal Generator 555 | -10/Mines | Found Signal Generator 630 | -10/Mines | Joined a pair of Derelicts in attacking an 0b10 outpost 640 | -10/Mines | Core integrity fell below 50% 1006 | -10/Mines | Learned location of 2 exits from Materials 1030 | -10/Mines | Discovered new exit (range 8) 1048 | -10/Mines | Build established: Scavenger-Mutant 1288 | -10/Mines | Deemed a non-threat by the Exiles lab entrance 1290 | -10/Mines | Discovered new exit (range 5) 1294 | -10/Mines | Entered Exiles 1323 | -10/Exiles | Met 8R-AWN 1344 | -10/Exiles | Met EX-HEX 1382 | -10/Exiles | Met EX-BIN 1395 | -10/Exiles | Aligned with FarCom system 1396 | -10/Exiles | Given EX-Vault access code 1444 | -10/Exiles | Opened EX-Vault 1453 | -10/Exiles | Found Prototype Device 1453 | -10/Exiles | Identified Chronowheel 1453 | -10/Exiles | Activated Chronowheel 1453 | -10/Exiles | Spacetime reconverged on an earlier point 1486 | -10/Exiles | Warned to stay clear of 0b10 Research branches 1534 | -10/Exiles | Met EX-DEC 1591 | -10/Exiles | Discovered new exit (range 10) 1601 | -10/Exiles | Entered Mines 1628 | -9/Mines | Assisted by bots powering up and referring to "LRC-V3" 1743 | -9/Mines | Lost 3 allies 1779 | -9/Mines | Discovered new exit (range 4) 1787 | -9/Mines | Entered Materials 1787 | -8/Materials | Evolved 4 slots: Propulsion x2, Utility x2 1788 | -8/Materials | Identified exit to Factory 1969 | -8/Materials | Lost 4 parts (1p2n1w) 2218 | -8/Materials | Build established: Mutant 3512 | -8/Materials | Core integrity fell below 50% 3571 | -8/Materials | Lost 9 parts (1p2n3u3w) 3612 | -8/Materials | Core integrity fell below 20% 3658 | -8/Materials | Destroyed by X-62 Marksman with Pulse Rifle Last Messages --------------- Sink. U-05 Engineer lays Concrete. Insulated Plating destroyed. Penetrated by Slug. Slug penetrates Wall. Insulated Plating destroyed. W-25 Informer sends out distress signal. Adv. Treads destroyed. Imp. Heat Sink destroyed. Connecting with Terminal... K-01 Serf cleans the Material Compactor. Slammed into T-07 Excavator. Slug penetrates Wall. Penetrated by Slug. Insulated Plating destroyed. Slug penetrates Electrolysis Chamber. Electrolysis Chamber disabled. Insulated Plating destroyed. Penetrated by Slug. [Achievement: Just Browsing] Map ----- +----------------------------------------------------+ | ?????????+ #????# # | | ?????????# #????#! # | | ?????????## #????# ? | | ??????????# #????# """ """ # | | ??????????# #????# """ """ ? | | ??????????# ### #????# """ ""??? | | ??????????# ### ##???? ????? | | ??????????# ## #######+####### | | ??????????# ## | | ??????????# ## ##### | | ??????????# ## ######## #???? | | ??????????# #######??????# #???? | | ??????????# #????????????# #???? | | ??????????# #????????????# #???? | | ??????????#/#########????# #???? | | ??????????# #????# #???? | | ??????????# #????# ##### | | ??????????# """ """ #????# | | ??????????# """ """ #????# | | ??????????# """ """ #????# | | ??????????# #????# ##### | | ?????????## ! ! #????# #???? | | ?????????# #????# #???? | | ??#############/#####????# #???? | | ??# # ######## ##### | | ??# @ x# # | | ??# xg YY # | | ??#g """ # a # | | ??# """ """ # ###+###### # | | ??# """g""" ## ##????????# # | | ??# ## #?????????# # | | ??# g ## #?????????# | | ??############ #?????????# | | ?????????????# #?????????# ^ | | ?????????????# #?????????# | | ?????????????# #?????????# """ | | ?????????????? ??????? """ | | ?????????????? ???? """ | | ?????????????? ??? | | ?????????????? ??? | | ??????????????? ?????############ | | ????????????????????????????????? | | ????????????????????????????????? | | ????????????????????????????????? | | ????????????????????????????????? | | ????????????????????????????????? | | ????????????????????????????????? | | ????????????????????????????????? | | ????????????????????????????????? | | ????????????????????????????????? | +----------------------------------------------------+ Best States ------------- Heat Dissipation 45 Energy Generation 18 Energy Capacity 275 Matter Stores 300 Matter Capacity 300 Sight Range 16 Terrain Scan Density 10 Armor Coverage 450 Resistance: EM 15 Evasion (%) 62 Recoil Reduction 3 Salvage Targeting 1 Item Schematics ----------------- None Robot Schematics ------------------ None Fabricated ------------ Nothing Alien Tech Used ----------------- None Achievements -------------- Just Browsing Challenges ------------ None Game ------ Seed MobileCoordinationCleaver Manual? 0 Play Time 00:27:18 Cumulative 12.6 hours Start 2024.04.04 @ 18:42:22 End 2024.04.04 @ 19:09:07 Sessions 1 Manual Loads 0 Difficulty Rogue Special Mode None Game No. 22 Rogue 22 Adventurer 0 Explorer 0 Win Type - Total 0 Types 0/0/0/0/0/0/0/0/0 Lore% 13 Gallery% 25 Achievement% 23 Wizard Run 0 Options --------- Layout 1 ASCII 0 Keyboard 1 Movement Numpad Keybinds 0 Fullscreen 1 Font 32/SmallcapsGlow Map View 50x35 Zoom Use 0% Tactical HUD 0 Map Filters NONE Filters NONE Steam 1 RUN: a924fce6-13a9-40eb-88a5-dd2175c0d4ca